 Dungeon Crawl Stone Soup version 0.16-a0-2296-gdce89d5 (webtiles) character file.

850 flegu the Fighter (level 8, 0/91 HPs)
             Began as an Ogre Berserker on Nov 16, 2014.
             Was an Elder of Trog.
             Slain by an orc
             ... wielding a +0 hand axe
              (5 damage)
             ... on level 4 of the Dungeon.
             The game lasted 00:28:41 (5029 turns).

flegu the Fighter (Ogre Berserker)                  Turns: 5029, Time: 00:28:41

Health: 0/91       AC:  4    Str: 25    XL:     8   Next: 1%
Magic:  8/8        EV: 15    Int: 11    God:    Trog [****..]
Gold:   181        SH:  0    Dex: 14    Spells: 0 memorised, 7 levels left

rFire  + . .     SeeInvis .     a - +1 mace
rCold  + . .     Clarity  .     b - +0 animal skin
rNeg   . . .     SustAb   .     (shield restricted)
rPois  +         Gourm    .     (helmet restricted)
rElec  +         Spirit   .     r - +0 cloak
rCorr  +         Warding  .     (gloves unavailable)
rMut   .         Stasis   .     (boots unavailable)
MR     .....                    (no amulet)
Stlth  +++.......               (no ring)
                                (no ring)

@: brilliant, agile, lethally poisoned, exhausted, resistant, slowed, very slow,
not resistant to hostile enchantments, fairly stealthy
A: unfitting armour, tough skin 1
a: Burn Spellbooks, Berserk, Trog's Hand, Brothers in Arms, Renounce Religion


You were on level 4 of the Dungeon.
You worshipped Trog.
Trog was greatly pleased with you.
You were not hungry.

You visited 1 branch of the dungeon, and saw 4 of its levels.

You collected 181 gold pieces.

Inventory:

Hand weapons
 a - a +1 mace (weapon)
 c - a +0 mace
 h - a +3 quarterstaff of chaos
 m - a +0 morningstar
 o - a +2 short sword of speed
 s - a +0 hammer
 t - a +0 club
 y - a cursed -2 war axe
Missiles
 e - 20 stones (quivered)
Armour
 b - a +0 animal skin (worn)
 r - a +0 cloak (worn)
 C - a +0 robe
Jewellery
 x - an uncursed ring of flight
 z - a cursed amulet of inaccuracy
 B - an uncursed ring of protection from cold
Magical devices
 A - a wand of slowing (22)
Scrolls
 d - 3 scrolls of identify
 j - a scroll of magic mapping
 l - 2 scrolls of remove curse
 D - 3 scrolls of immolation {unknown}
Potions
 k - a potion of might
 u - a potion of restore abilities {unknown}
Comestibles
 g - a bread ration
 i - 7 fruits
 n - a meat ration
 v - a chunk of flesh


   Skills:
 * Level 8.9 Fighting
 * Level 8.6 Maces & Flails
 + Level 1.0 Throwing
 - Level 1.5 Armour
 - Level 1.7 Dodging
 + Level 1.4 Stealth


You had 7 spell levels left.
You didn't know any spells.

Dungeon Overview and Level Annotations

Branches:
Dungeon (4/15)
 Temple: D:4-7

Altars:
Xom

Shops:
D:4 !


Innate Abilities, Weirdness & Mutations

You are too large for most types of armour.
You have tough skin (AC +1).


Message History

You feel very sick. The orc hits you but does no damage. The orc misses you.
The orc hits you with a hand axe.
* * * LOW HITPOINT WARNING * * *
The orc wizard gestures at you while chanting.
The puff of flame hits you! You resist.
* * * LOW HITPOINT WARNING * * *
The orc hits you.
* * * LOW HITPOINT WARNING * * *
The orc completely misses you.
Drink which item? (? for menu, Esc to quit)
You feel slightly nauseous.
It was a potion of poison.
* * * LOW HITPOINT WARNING * * *
You feel very sick. The orc barely misses you.
The orc wizard hits you with a dagger of venom.
* * * LOW HITPOINT WARNING * * *
The orc barely misses you. The orc hits you but does no damage.
The orc hits you with a hand axe.
You die...

#.# #### #.### #..# #.).. #..#
#.... #..############.... ####
............(.....
.....##.###.............
.......oo#<#........♣....
.......o@ob..............
.$########.#.....[.♣∩♣### .....
.........>.........## ........
#.#####........♣...# ........
................ .....##'#+######
########'###.... .....##........
...# #....
.....##.....O##################..
..§..##.....o'........(..........


You could see an orc wizard, 3 orcs and a bat.

Vanquished Creatures
  Grinder (D:4)
  An ogre (D:4)
  Sigmund (D:3)
  A hound (D:4)
  3 orc priests
  Crazy Yiuf (D:2)
  A worker ant (D:4)
  3 orc wizards
  Ijyb (D:3)
  9 adders
  3 giant mites
  A worm (D:2)
  3 giant geckos
  2 oozes
  17 orcs
  2 ball pythons
  7 giant cockroaches
  9 hobgoblins
  5 bats
  7 giant newts
  13 goblins
  15 kobolds
  8 rats
114 creatures vanquished.

Notes
Turn   | Place    | Note
--------------------------------------------------------------
     0 | D:1      | flegu, the Ogre Berserker, began the quest for the Orb.
     0 | D:1      | Reached XP level 1. HP: 24/24 MP: 1/1
   259 | D:1      | Reached XP level 2. HP: 20/33 MP: 2/2
  1088 | D:1      | Reached XP level 3. HP: 41/41 MP: 3/3
  1205 | D:2      | Acquired Trog's second power
  1205 | D:2      | Reached skill level 5 in Maces & Flails
  1208 | D:2      | Reached skill level 5 in Fighting
  1833 | D:2      | Reached XP level 4. HP: 50/50 MP: 4/4
  2410 | D:2      | Noticed Crazy Yiuf
  2414 | D:2      | Killed Crazy Yiuf
  2414 | D:2      | Reached XP level 5. HP: 59/59 MP: 5/5
  2744 | D:3      | Reached skill level 6 in Maces & Flails
  2744 | D:3      | Reached skill level 1 in Stealth
  2762 | D:3      | Noticed Ijyb
  2774 | D:3      | Killed Ijyb
  2841 | D:3      | Noticed Sigmund
  2863 | D:3      | Killed Sigmund
  2863 | D:3      | Reached skill level 1 in Throwing
  2863 | D:3      | Reached XP level 6. HP: 26/68 MP: 6/6
  3192 | D:3      | Reached skill level 7 in Fighting
  3741 | D:3      | Found a shimmering altar of Xom.
  4046 | D:4      | Found Kosoi's Distillery.
  4069 | D:4      | Noticed Grinder
  4085 | D:4      | Reached XP level 7. HP: 68/79 MP: 7/7
  4087 | D:4      | Paralysed by Grinder for 2 turns
  4405 | D:4      | Reached skill level 8 in Fighting
  4731 | D:4      | Acquired Trog's third power
  4893 | D:4      | Killed Grinder
  5022 | D:4      | Reached XP level 8. HP: 86/91 MP: 8/8
  5029 | D:4      | Slain by an orc

Action                   |  1- 3 |  4- 6 |  7- 9 || total
-------------------------+-------+-------+-------++-------
Melee: Mace              |    76 |   200 |    67 ||   343
Throw: Stone             |     3 |     2 |       ||     5
Invok: Berserk           |     2 |     7 |     4 ||    13
  Use: Scroll            |     3 |     7 |     3 ||    13
       Potion            |       |       |     4 ||     4
  Eat: Chunk             |     1 |     2 |       ||     3
       Meat ration       |     1 |     1 |     1 ||     3
       Bread ration      |       |     1 |     1 ||     2
       Fruit             |       |     1 |       ||     1
